 Dungeon Crawl Stone Soup version 0.18.1-50-g88ac8fd (webtiles) character file.

2220 recordrepeat the Shield-Bearer (level 9, -5/118 HPs)
             Began as a Hill Orc Fighter on Oct 29, 2016.
             Was a Believer of Beogh.
             Slain by a killer bee (6 damage)
             ... on level 7 of the Dungeon.
             The game lasted 00:25:59 (6792 turns).

recordrepeat the Shield-Bearer (Hill Orc Fighter)   Turns: 6792, Time: 00:26:01

Health: -5/118     AC: 25    Str: 25    XL:     9   Next: 35%
Magic:  9/9        EV:  6    Int:  8    God:    Beogh [**....]
Gold:   117        SH: 11    Dex: 12    Spells: 0 memorised, 8 levels left

rFire  + + +     SeeInvis +     g - +2 mace (protect)
rCold  . . .     Gourm    .     D - +0 plate armour
rNeg   . . .     Faith    .     c - +0 shield
rPois  .         Spirit   .     B - +1 helmet {SInv}
rElec  .         Dismiss  .     (no cloak)
rCorr  +         Reflect  .     j - +2 pair of gloves of Salvation {rF+++}
SustAt .         Harm     .     E - +0 pair of boots
MR     .....                    s - amulet of rage
Stlth  ..........               (no ring)
                                v - ring of resist corrosion

@: berserking, lethally poisoned (-5 -> -6), heavily drained, very quick, not
resistant to hostile enchantments, extremely unstealthy
A: no striking features
a: Smiting, Renounce Religion, Evoke Berserk Rage


You were on level 7 of the Dungeon.
You worshipped Beogh.
Beogh was pleased with you.
You were not hungry.

You visited 1 branch of the dungeon, and saw 7 of its levels.

You collected 373 gold pieces.
You spent 256 gold pieces at shops.

Inventory:

Hand Weapons
 a - a +0 war axe
 g - a +2 mace of protection (weapon)
 A - the +0 spear of Departure {pain, Int+4 Stlth+}
   (You found it on level 4 of the Dungeon)

   In the hands of one skilled in necromantic magic, it inflicts extra damage on
   living creatures.
   It affects your intelligence (+4).
   It makes you more stealthy.
 F - a +0 flail
Armour
 c - a +0 shield (worn)
 j - the +2 pair of gloves of Salvation (worn) {rF+++}
   (You bought it in a shop on level 5 of the Dungeon)

   It renders you almost immune to fire.
 B - a +1 helmet of see invisible (worn)
 D - a +0 plate armour (worn)
 E - a +0 pair of boots (worn)
Jewellery
 s - an amulet of rage (around neck)
 v - a ring of resist corrosion (left hand)
 C - an uncursed amulet of the gourmand
Wands
 J - a wand of lightning (14/15)
Scrolls
 e - 7 scrolls of remove curse
 h - 3 scrolls of magic mapping
 o - a scroll of noise {unknown}
 p - a scroll of random uselessness {unknown}
 q - a scroll of amnesia {unknown}
 r - 4 scrolls of enchant armour
 t - a scroll of enchant weapon {unknown}
 u - a scroll of recharging {unknown}
 x - 2 scrolls of teleportation {unknown}
 y - 2 scrolls of blinking {unknown}
Potions
 i - 4 potions of agility
 n - a potion of mutation
 w - 2 potions of flight
 H - a potion of beneficial mutation
 I - a potion of cancellation {unknown}
Books
 K - a book of the Tempests

   Spells                             Type                      Level
   a - Static Discharge               Conjuration/Air              3
   b - Lightning Bolt                 Conjuration/Air              5
   c - Fireball                       Conjuration/Fire             5
   d - Tornado                        Air                          9
   e - Shatter                        Earth                        9
Comestibles
 f - 7 bread rations
 l - a meat ration
 z - a royal jelly
 G - a beef jerky


   Skills:
 + Level 7.4(6.0) Fighting
 + Level 3.4(3.9) Axes
 + Level 5.0(4.1) Maces & Flails
 + Level 6.8(5.5) Armour
 + Level 3.1(1.9) Dodging
 + Level 1.0(0.0) Stealth
 + Level 7.8(6.4) Shields
 + Level 1.0(0.0) Evocations


You had 8 spell levels left.
You didn't know any spells.

Dungeon Overview and Level Annotations

Branches:
Dungeon (7/15)             Temple (0/1) D:4

Altars:
Elyvilon
Fedhas
Kikubaaqudgha
Makhleb
Okawaru
Pakellas
Xom

Shops:
D:5 [


Message History

The killer bee barely misses you. The wight hits you but does no damage.
You fail to use your ability.
You block the killer bee's attack.
The killer bee stings you but does no damage.
You block the killer bee's attack.
The killer bee stings you but does no damage.
The wight hits you but does no damage.
A red film seems to cover your vision as you go berserk!
You feel yourself moving faster!
You feel mighty! You block the killer bee's attack. The killer bee stings you!
* * * LOW HITPOINT WARNING * * *
You are poisoned.
The killer bee poisons you! You block the killer bee's attack.
The killer bee stings you but does no damage.
You closely miss the killer bee.
The killer bee is almost dead.
You feel sick. The killer bee stings you.
* * * LOW HITPOINT WARNING * * *
You block the killer bee's attack. The wight hits you but does no damage.
The killer bee stings you.
You die...

.......#_ .......#
......# #....#
#....#######
#..........#
#.........5####
##<........zzy@#
#............###y#
#..###....)>.#
#..# #.# #####..##
##.# .. #..# .# .
#..# .# #..# .#
#### .#


You could see 2 killer bees, 2 wights and a crimson imp.

Vanquished Creatures
  A troll (D:6)
  A spriggan (D:7)
  An orc warrior (D:5)
  A sky beast (D:6)
  A phantom (D:5)
  4 ogres
  A giant frog (D:5)
  A scorpion (D:4)
  2 killer bees (D:7)
  A wight (D:7)
  A howler monkey (D:7)
  A crimson imp (D:6)
  A giant frog zombie (D:5)
  5 hounds
  A giant frog skeleton (D:7)
  4 orc priests
  3 iguanas
  5 orc wizards
  A centaur skeleton (D:6)
  3 worker ants
  A hound zombie (D:6)
  A hound skeleton (D:5)
  4 gnolls (D:5)
  10 adders
  2 shadow imps
  An ooze (D:4)
  An adder zombie (D:5)
  2 adder skeletons
  A worm (D:2)
  4 dart slugs
  5 giant geckos
  12 orcs
  3 ball pythons
  6 bats
  4 giant cockroaches
  9 hobgoblins
  3 jackals (D:3)
  2 quokkas
  4 giant newts
  8 goblins
  11 kobolds
  9 rats
  A fungus (D:3)
143 creatures vanquished.

Vanquished Creatures (others)
  An adder (D:6)
  An orc (D:3)
  A giant cockroach (D:3)
3 creatures vanquished.

Grand Total: 146 creatures vanquished

Notes
Turn   | Place    | Note
--------------------------------------------------------------
     0 | D:1      | recordrepeat the Hill Orc Fighter began the quest for the Orb.
     0 | D:1      | Reached XP level 1. HP: 19/19 MP: 1/1
     3 | D:1      | Noticed an electric eel
     3 | D:1      | Noticed an electric eel
    57 | D:1      | Reached XP level 2. HP: 27/27 MP: 2/2
   208 | D:1      | Reached XP level 3. HP: 24/33 MP: 3/3
   916 | D:2      | Found a burning altar of Makhleb.
   934 | D:2      | Reached XP level 4. HP: 32/41 MP: 4/4
  1070 | D:2      | Reached skill level 1 in Dodging
  1818 | D:3      | Reached XP level 5. HP: 24/47 MP: 5/5
  2077 | D:3      | Became a worshipper of Beogh the Brigand
  2107 | D:3      | Found an oddly glowing altar of Pakellas.
  2860 | D:4      | Reached XP level 6. HP: 55/55 MP: 6/6
  2884 | D:4      | Found a staircase to the Ecumenical Temple.
  2908 | D:4      | Reached skill level 5 in Fighting
  3230 | D:4      | Reached skill level 1 in Maces & Flails
  3317 | D:4      | Got a warped spear
  3318 | D:4      | Identified the +0 spear of Departure {pain, Int+4 Stlth+} (You found it on level 4 of the Dungeon)
  3397 | D:4      | Reached * piety under Beogh
  3406 | D:4      | Reached skill level 5 in Armour
  3410 | D:4      | Reached skill level 5 in Shields
  3410 | D:4      | Reached XP level 7. HP: 37/61 MP: 7/7
  3683 | D:4      | Found a shimmering altar of Xom.
  3854 | D:5      | Entered Level 5 of the Dungeon
  3881 | D:5      | Found a blossoming altar of Fedhas.
  3967 | D:5      | Reached ** piety under Beogh
  4177 | D:5      | Found an ancient bone altar of Kikubaaqudgha.
  4248 | D:5      | Reached XP level 8. HP: 66/70 MP: 8/8
  4291 | D:5      | Reached skill level 1 in Stealth
  4306 | D:5      | Reached skill level 1 in Evocations
  4371 | D:5      | Found Kumen's Antique Armour Emporium.
  4375 | D:5      | Bought a pair of faintly glowing gloves for 256 gold pieces
  4380 | D:5      | Identified the +2 pair of gloves of Salvation {rF+++} (You bought it in a shop on level 5 of the Dungeon)
  4633 | D:5      | Found a shimmering altar of Xom.
  5683 | D:6      | Noticed a troll
  5699 | D:6      | Killed a troll
  5703 | D:6      | Reached XP level 9. HP: 16/78 MP: 9/9
  6581 | D:6      | Found an iron altar of Okawaru.
  6644 | D:7      | Found a white marble altar of Elyvilon.
  6757 | D:7      | Reached skill level 5 in Maces & Flails
  6785 | D:7      | HP: 2/79 [killer bee (3)]
  6791 | D:7      | HP: 4/118 [killer bee (7)]
  6792 | D:7      | HP: 1/118 [killer bee (2)]
  6792 | D:7      | Slain by a killer bee

Skill      XL: |  1  2  3  4  5  6  7  8  9 |
---------------+----------------------------+-----
Fighting       | 4 5 6 7 |  7.4
Axes           | 3 |  3.4
Armour         | 4 5 6 |  6.8
Dodging        | 1 2 3 |  3.1
Shields        | 4 5 7 |  7.8
Maces & Flails | 1 2 4 5 |  5.0
Stealth        | 1 |  1.0
Evocations     | 1 |  1.0

Action                   |  1- 3 |  4- 6 |  7- 9 || total
-------------------------+-------+-------+-------++-------
Melee: War axe           |   101 |    41 |       ||   142
       Mace              |       |   152 |   430 ||   582
Invok: Convert to Beogh  |       |     1 |       ||     1
 Abil: Evoke Berserk Rag |       |       |     1 ||     1
  Use: Potion            |       |     2 |     3 ||     5
       Scroll            |       |       |    11 ||    11
  Eat: Chunk             |       |     6 |     7 ||    13
       Royal jelly       |       |     1 |       ||     1
       Meat ration       |       |       |     1 ||     1
       Fruit             |       |       |     1 ||     1
Armor: Scale mail        |    42 |       |       ||    42
       Chain mail        |    13 |   110 |   101 ||   224
       Plate armour      |       |       |   152 ||   152
Dodge: Dodged            |    42 |    46 |   105 ||   193
Block: Shield            |    63 |   107 |   285 ||   455
